 Dungeon Crawl Stone Soup version 0.29-a0-581-ge9a90b782e (webtiles) character file.

Game seed: 17051229941028000774

275 KristoblXynda the Skirmisher (level 6, -1/56 HPs)
             Began as a Draconian Berserker on June 14, 2022.
             Was a Believer of Trog.
             Succumbed to an orc's poison
             ... on level 3 of the Dungeon.
             The game lasted 00:02:09 (2626 turns).

KristoblXynda the Skirmisher (Draconian Berserker)  Turns: 2626, Time: 00:02:10

Health: -1/56      AC:  7    Str: 17 (19) XL:     6   Next: 3%
Magic:  6/6        EV: 12    Int:  8 (9)  God:    Trog [**....]
Gold:   102        SH:  0    Dex:  9 (11) Spells: 5/5 levels left

rFire   + . .      SeeInvis .   g - +0 long sword
rCold   + . .      Faith    .   (no shield)
rNeg    . . .      Spirit   .   (body armour unavailable)
rPois   +          Reflect  .   (helmet restricted)
rElec   +          Harm     .   (no cloak)
rCorr   +          Rampage  .   f - +0 pair of gloves
Will    .....                   (no boots)
Stlth   +.........              (no amulet)
HPRegen 0.18/turn               (no ring)
MPRegen 0.10/turn               (no ring)

@: lethally poisoned (-1 -> -21), resistant, on berserk cooldown, slowed, very
slow
A: AC +6, unfitting armour, cold-blooded
a: Renounce Religion, Berserk, Trog's Hand


You were on level 3 of the Dungeon.
You worshipped Trog.
Trog was pleased with you.
You visited 1 branch of the dungeon, and saw 3 of its levels.

You collected 102 gold pieces.

Inventory:

Hand Weapons
 g - a +0 long sword (weapon)
Armour
 f - a +0 pair of gloves (worn)
Scrolls
 a - a scroll of vulnerability {unknown}
 b - 4 scrolls of identify {unknown}
 d - a scroll of summoning {unknown}
 i - a scroll of noise {unknown}
 l - a scroll of enchant weapon {unknown}
 m - 2 scrolls of poison {unknown}
 o - 2 scrolls of fear {unknown}
 p - a scroll of teleportation {unknown}
 t - a scroll of blinking {unknown}
Potions
 e - a potion of berserk rage {unknown}
 h - a potion of might {unknown}
 j - a potion of heal wounds {unknown}
 k - a potion of lignification {unknown}
 n - a potion of mutation {unknown}
 r - a potion of cancellation {unknown}
 s - a potion of haste {unknown}
 u - a potion of curing {unknown}


   Skills:
 + Level 5.1 Fighting
 + Level 4.5 Long Blades
 + Level 4.1 Dodging


You had 5 spell levels left.
You didn't know any spells.
Your spell library contained the following spells:

 Spells                   Type           Power      Damage    Failure   Level
 Alistair's Intoxication  Tmut/Pois      0%         N/A       100%        5
 Borgnjor's Vile Clutch   Necr/Erth      0%         N/A       100%        5
 Eringya's Noxious Bog    Tmut/Pois      0%         N/A       100%        6


Dungeon Overview and Level Annotations

Branches:
Dungeon (3/15)

Altars:


Innate Abilities, Weirdness & Mutations

Your plain brown scales are hard. (AC +6)
You cannot fit into any form of body armour.
You are cold-blooded and may be slowed by cold attacks.


Message History

You slash the centaur!
You kill the centaur!
Trog accepts your kill.
You are no longer berserk.
You are exhausted.
You feel yourself slow down. The goblin hits you but does no damage.
Ijyb closely misses you.
Your Fighting skill increases to level 5!
Your Dodging skill increases to level 4!
You hit Ijyb but do no damage.
Ijyb is almost dead.
The goblin hits you but does no damage.
The orc hits you with a +0 whip of venom.
You are poisoned.
Ijyb zaps a wand.
You resist with some effort.
The now-empty wand crumbles to dust.
The goblin hits you with a +0 club.
Unknown command.
You hit Ijyb.
You kill Ijyb!
Trog accepts your kill.
You feel very sick. The orc hits you but does no damage.
You are lethally poisoned!
The goblin completely misses you.
The orc hits you with a +0 whip of venom.
* * * LOW HITPOINT WARNING * * *
You are more poisoned.
The goblin barely misses you.
You have reached level 6!
Your scales feel tougher.
It was a potion of degeneration.
There was something very wrong with that liquid.
You feel weakened.
You feel dopey.
You feel clumsy.
* * * LOW HITPOINT WARNING * * *
You feel extremely sick. The orc hits you but does no damage.
The goblin hits you but does no damage.
Unknown command.
It was a potion of resistance.
You feel protected.
You die...

#..###.### # #.
.#.... ...##..##
..####.# .....
........####..#...###
##....#..#..........#
#..#####............#
## .....#
##..........#...
.....# #...........^#
..†..# #......go..#
.....# #.>....@)..#
.....#
####..####......
.....# ##....## ....)
.....###..#### ....
.###.....## ...
#†...##### .. ..####
. ..# ..#


You could see an orc and a goblin.

Vanquished Creatures
  A centaur (D:3)
  Ijyb (D:3)
  Natasha (twice) (D:2)
  5 adders
  3 worms (D:2)
  2 dart slugs
  3 endoplasms
  4 giant cockroaches
  8 goblins
  2 hobgoblins
  4 jackals
  5 quokkas
  9 ball pythons
  5 bats
  A frilled lizard (D:2)
  4 kobolds
  9 rats
68 creatures vanquished.

Vanquished Creatures (others)
  A plant (D:1)
1 creature vanquished.

Grand Total: 69 creatures vanquished

Notes
Turn   | Place    | Note
-------+----------+-------------------------------------------
     0 | D:1      | KristoblXynda the Draconian Berserker began the quest for
                  | the Orb.
     0 | D:1      | Reached XP level 1. HP: 19/19 MP: 1/1
   279 | D:1      | Reached XP level 2. HP: 26/26 MP: 2/2
   386 | D:1      | Found a faded altar of an unknown god.
   812 | D:2      | Reached ** piety under Trog
   868 | D:2      | Noticed Natasha
   870 | D:2      | Noticed a crimson imp
   877 | D:2      | Killed Natasha
   878 | D:2      | Reached skill level 4 in Fighting
   878 | D:2      | Reached XP level 3. HP: 33/33 MP: 3/3
  1426 | D:2      | Reached XP level 4. HP: 35/40 MP: 4/4
  1968 | D:2      | Noticed Natasha
  1976 | D:2      | Killed Natasha
  2158 | D:3      | Reached XP level 5. HP: 45/47 MP: 5/5
  2602 | D:3      | Noticed Ijyb
  2602 | D:3      | Paralysed by Ijyb for 3 turns
  2607 | D:3      | Noticed a centaur
  2609 | D:3      | Paralysed by Ijyb for 3 turns
  2619 | D:3      | Paralysed by Ijyb for 2 turns
  2622 | D:3      | Killed a centaur
  2623 | D:3      | Reached skill level 5 in Fighting
  2624 | D:3      | Killed Ijyb
  2625 | D:3      | Reached XP level 6. HP: 15/56 MP: 6/6
  2626 | D:3      | Succumbed to an orc's poison

Illustrated notes

Levels and vault maps discovered:
D:1:      matt_arrival_refuge, layout_rooms, serial_forest,
          infiniplex_forest_end_1, infiniplex_forest_clump_long,
          infiniplex_forest_lined_3, infiniplex_forest_straight_1,
          infiniplex_forest_clump_long, infiniplex_forest_end_3,
          basic_ecumenical_altar, minmay_misc_feat_chi, serial_bayou_pond_a
D:2:      minmay_chambers_of_twos, layout_basic, uniq_natasha
D:3:      layout_rooms, uniq_ijyb

Skill      XL: |  1  2  3  4  5 |
---------------+----------------+-----
Dodging        | 3 4 |  4.1
Fighting       | 4 5 |  5.1
Long Blades    | 4 |  4.5

Action                   |  1- 3 |  4- 6 || total
-------------------------+-------+-------++-------
Melee: Falchion          |    23 |       ||    23
       Tailslap          |    11 |    12 ||    23
       Punch             |     1 |       ||     1
       Long sword        |    70 |   108 ||   178
Invok: Berserk           |     1 |     2 ||     3
  Use: Potion            |       |     2 ||     2
Armor: Skin              |    26 |    53 ||    79
Dodge: Dodged            |    61 |   104 ||   165

Table legend: (Time is in decaauts)
 A = Elapsed time spent in this place.
 B = Non-inter-level travel time spent in this place.
 C = Inter-level travel time spent in this place.
 D = Time resting spent in this place.
 E = Time spent auto-exploring this place.
 F = Levels seen in this place.
 G = Mean time per level.
                   A        B        C        D        E       F      G
               +--------+--------+--------+--------+--------+-----+--------+
         Total |   2686 |   2548 |    138 |    128 |   1943 |   3 |  895.3 |
       Dungeon |   2686 |   2548 |    138 |    128 |   1943 |   3 |  895.3 |
               +--------+--------+--------+--------+--------+-----+--------+

Top non-repeatable levels by time:
     D:2: 1387 daAuts
     D:1: 799 daAuts
     D:3: 499 daAuts
